 Dungeon Crawl Stone Soup version 0.18.1-48-g4cf74bf (webtiles) character file.

73 Krovax3 the Caller (level 4, -4/30 HPs)
             Began as a Merfolk Summoner on July 29, 2016.
             Slain by a giant frog (8 damage)
             ... on level 3 of the Dungeon.
             The game lasted 00:16:15 (3171 turns).

Krovax3 the Caller (Merfolk Summoner)               Turns: 3171, Time: 00:16:16

Health: -4/30      AC:  2    Str:  8    XL:     4   Next: 27%
Magic:  8/9        EV: 13    Int: 15    God:
Gold:   140        SH:  0    Dex: 14    Spells: 3 memorised, 3 levels left

rFire  . . .     SeeInvis .     k - +0 spear
rCold  . . .     Gourm    .     a - +0 robe
rNeg   . . .     Faith    .     (no shield)
rPois  .         Spirit   .     (no helmet)
rElec  .         Dismiss  .     (no cloak)
rCorr  .         Reflect  .     (no gloves)
SustAt .         Harm     .     (no boots)
MR     .....                    (no amulet)
Stlth  ++........               (no ring)
                                (no ring)

@: not resistant to hostile enchantments, unstealthy
A: change form in water, swift swim
a: no special abilities


You were on level 3 of the Dungeon.
You were not hungry.

You visited 1 branch of the dungeon, and saw 3 of its levels.

You collected 140 gold pieces.

Inventory:

Hand Weapons
 d - a +0 dagger
 k - a +0 spear (weapon)
 r - a +2 short sword of protection
 u - a +0 trident
Armour
 a - a +0 robe (worn)
 f - a +1 pair of gloves
Jewellery
 h - a +3 ring of dexterity {unknown}
 j - a +6 ring of dexterity {unknown}
 w - an uncursed ring of protection from fire {unknown}
Scrolls
 g - a scroll of noise {unknown}
 i - 3 scrolls of teleportation {unknown}
 m - a scroll of recharging {unknown}
 s - 2 scrolls of identify {unknown}
 t - a scroll of amnesia {unknown}
 v - a scroll of enchant weapon {unknown}
Potions
 e - a potion of cancellation {unknown}
 l - 2 potions of brilliance {unknown}
 q - a potion of curing {unknown}
Books
 b - a book of Callings

   Spells                             Type                      Level
   a - Summon Small Mammal            Summoning                    1
   b - Call Imp                       Summoning                    2
   c - Call Canine Familiar           Summoning                    3
   d - Summon Guardian Golem          Hexes/Summoning              3
   e - Summon Lightning Spire         Summoning/Air                4
   f - Summon Ice Beast               Ice/Summoning                4
Comestibles
 c - 4 bread rations
 n - a slice of pizza
 o - 2 beef jerkies
 p - 11 chunks of flesh


   Skills:
 + Level 1.7 Polearms
 - Level 2.6 Dodging
 - Level 2.1 Stealth
 * Level 3.4 Spellcasting
 + Level 4.4 Summonings


You had 3 spell levels left.
You knew the following spells:

 Your Spells              Type           Power        Failure   Level  Hunger
a - Summon Small Mammal   Summ           ###.         3%          1    None
b - Call Imp              Summ           ###.....     6%          2    ##.....
c - Call Canine Familiar  Summ           ###.....     12%         3    ###....


Dungeon Overview and Level Annotations

Branches:
Dungeon (3/15)

Altars:


Message History

A kobold comes into view.
You closely miss the giant frog.
The giant frog is lightly wounded.
The giant frog barely misses you.
You hit the giant frog.
The giant frog is lightly wounded.
The giant frog hits you but does no damage.
The giant frog hits you!
You hit the giant frog but do no damage.
The giant frog is lightly wounded.
The giant frog hits you.
You closely miss the giant frog.
The giant frog is lightly wounded.
The giant frog hits you! x2
* * * LOW HITPOINT WARNING * * *
You are too injured to fight recklessly!
Casting: Call Imp
Confirm with . or Enter, or press ? or * to list all spells.
The giant frog hits you!
You die...

##.# #.##
#.# #.##
##.# #..#
...# ##.#
#### #.#
#.# ## #.#
.. .
#.###.#....
#..@FK.....
#####b#....
# #


You could see a giant frog, a kobold and a friendly bat.

Vanquished Creatures
  3 oozes
  A worm (D:2)
  2 dart slugs (D:2)
  A giant gecko (D:2)
  An orc (D:3)
  A giant cockroach (D:3)
  8 goblins
  6 hobgoblins
  2 jackals (D:3)
  A quokka (D:2)
  3 bats
  3 giant newts
  4 kobolds
  4 rats
40 creatures vanquished.

Vanquished Creatures (collateral kills)
  An adder (D:2)
  A worm (D:3)
  An orc (D:3)
  A goblin (D:1)
  A hobgoblin (D:1)
  3 kobolds
  A quokka (D:2)
  2 bats
11 creatures vanquished.

Grand Total: 51 creatures vanquished

Notes
Turn   | Place    | Note
--------------------------------------------------------------
     0 | D:1      | Krovax3 the Merfolk Summoner began the quest for the Orb.
     0 | D:1      | Reached XP level 1. HP: 13/13 MP: 3/3
   333 | D:1      | Reached XP level 2. HP: 19/19 MP: 5/5
   337 | D:1      | Learned a level 2 spell: Call Imp
  1004 | D:1      | Reached skill level 1 in Polearms
  1004 | D:1      | Reached XP level 3. HP: 24/24 MP: 7/7
  2471 | D:2      | Reached XP level 4. HP: 30/30 MP: 8/8
  2479 | D:2      | Learned a level 3 spell: Call Canine Familiar
  2657 | D:3      | Found a faded altar to an unknown god.
  3162 | D:3      | Noticed a giant frog
  3171 | D:3      | Slain by a giant frog

Skill      XL: |  1  2  3 |
---------------+----------+-----
Polearms       | 1 |  1.7
Spellcasting   | 3 |  3.4
Dodging        | |  2.6
Stealth        | |  2.1
Summonings     | |  4.4

Action                   |  1- 3 |  4- 6 || total
-------------------------+-------+-------++-------
Melee: Dagger            |    22 |       ||    22
       Spear             |   117 |    58 ||   175
 Cast: Summon Small Mamm |     9 |     1 ||    10
       Call Imp          |    11 |     2 ||    13
       Call Canine Famil |       |     3 ||     3
 Stab: Sleeping          |     7 |     1 ||     8
       Distracted        |     1 |       ||     1
  Eat: Chunk             |     4 |     3 ||     7
       Beef jerky        |     1 |       ||     1
Armor: Robe              |    11 |     9 ||    20
Dodge: Dodged            |    75 |    27 ||   102
